 Dungeon Crawl Stone Soup version 0.30-a0-329-g85436e0a43 (webtiles) character file.

Game seed: 10841265668911581507

506 porpoise the Trooper (level 7, -5/54 HPs)
             Began as a Djinni Fire Elementalist on Oct 29, 2022.
             Slain by an ogre
             ... wielding a +0 giant club
              (15 damage)
             ... on level 4 of the Dungeon.
             The game lasted 00:16:48 (3549 turns).

porpoise the Trooper (Djinni Fire Elementalist)     Turns: 3549, Time: 00:16:49

Health: -5/54      AC:  5    Str:  7    XL:     7   Next: 41%
Gold:   59         EV: 12    Int: 19    God:
                   SH:  0    Dex: 13

rFire   + + +      SeeInvis .    a - +3 short sword (drain)
rCold   . . .      Faith    .    (no shield)
rNeg    . . .      Spirit   .    f - +2 robe {rC+}
rPois   ∞          Reflect  .    q - +0 helmet
rElec   .          Harm     .    (no cloak)
rCorr   .          Rampage  .    (no gloves)
Will    .....                    (boots unavailable)
Stlth   ++........               (no amulet)
HPRegen 0.29/turn                u - ring of protection from fire
MPRegen 0.00/turn                (no ring)

@: flying, very slightly contaminated
A: sickness immunity, fire resistance 2, cold vulnerability 1, float, innate
caster, HP casting, extra vitality 1
a: no special abilities


You were on level 4 of the Dungeon.
You visited 1 branch of the dungeon, and saw 4 of its levels.

You collected 59 gold pieces.

Inventory:

Hand Weapons
 a - a +3 short sword of draining (weapon)
 b - a +0 sling
Missiles
 c - 4 poisoned darts
Armour
 f - a +2 robe of cold resistance (worn)
 q - a +0 helmet (worn)
Magical Staves
 t - a staff of air
Jewellery
 u - a ring of protection from fire (left hand)
Scrolls
 d - a scroll of amnesia {unknown}
 g - a scroll of noise {unknown}
 h - a scroll of poison {unknown}
 j - a scroll of enchant armour {unknown}
 k - a scroll of magic mapping {unknown}
 o - 2 scrolls of teleportation
Potions
 e - a potion of mutation
 r - a potion of lignification {unknown}
 v - a potion of resistance {unknown}


   Skills:
 + Level 5.0 Fighting
 - Level 2.1 Dodging
 - Level 1.5 Stealth
 + Level 4.6 Spellcasting


You couldn't memorise any spells.
You knew the following spells:

 Your Spells              Type           Power      Damage    Failure   Level
a - Foxfire               Conj/Fire      88%        2x1d8     1%          1
b - Scorch                Fire           44%        2d7       3%          2
c - Kindle Blastsparks    Fire/Tloc/Air  44%        2d13      6%          3
d - Inner Flame           Hex/Fire       22%        N/A       6%          3
e - Flame Wave            Conj/Fire      22%        2d8       19%         4
f - Summon Small Mammal   Summ           88%        N/A       1%          1
g - Passwall              Tmut/Erth      18%        N/A       3%          2
h - Confusing Touch       Hex            22%        N/A       6%          3
Your spell library was empty.

Dungeon Overview and Level Annotations

Branches:
Dungeon (4/15)
 Temple: D:4-7

Altars:

Shops:
D:3 (


Innate Abilities, Weirdness & Mutations

You are immune to sickness and miasma.
You are immune to poison.
Your flesh is very heat resistant. (rF++)
You are vulnerable to cold. (rC-)
You float through the air rather than walking.
You learn spells naturally, not from books.
Your magical power is your life essence.
You have superior vitality. (+4 MHP)


Message History

You puncture Robin! You drain Robin.
You kill Robin!
Your Fighting skill increases to level 5!
An ogre comes into view. It is wielding a +0 giant club.
The hobgoblin zombie hits you.
Things that are here:
a +0 club; a +0 animal skin; a +1 helmet You barely miss the hobgoblin zombie.
Your punch misses the hobgoblin zombie. The hobgoblin zombie misses you.
You hit the hobgoblin zombie.
The hobgoblin zombie is severely damaged.
The hobgoblin zombie barely misses you.
You hit the hobgoblin zombie.
You destroy the hobgoblin zombie!
Casting: Scorch (safe; 3% risk of failure)
Confirm with . or Enter, or press ? or * to list all spells.
Flames lash the ogre.
The ogre is lightly wounded.
The ogre's fire resistance burns away.
The ogre barely misses you.
Casting: Scorch (safe; 3% risk of failure)
Confirm with . or Enter, or press ? or * to list all spells.
You miscast Confusing Touch.
You are very lightly contaminated with residual magic.
Nothing appears to happen.
The ogre hits you with a +0 giant club!!
You hit the ogre.
The ogre is moderately wounded.
You hit the ogre.
The ogre is heavily wounded.
The ogre is no longer more vulnerable to fire.
The ogre hits you with a +0 giant club!!
* * * LOW HITPOINT WARNING * * *
Okay, then.
It was a potion of curing.
You feel better. The ogre closely misses you.
You hit the ogre. You drain the ogre.
The ogre is almost dead.
You hit the ogre.
The ogre is almost dead.
The ogre hits you with a +0 giant club!
You die...

...... ##..... .
#...... .. #......
##########.##......
##...#...##.........
##.........#..#.<....
#...........#.#..[...
#.[<@..?....#..#.....
#....O............###
##.........####..####
##...#...## #...†)..
#####.######.)))).)
#.##.Z5...###.#
#...=#...## )
####.#.###
####§§..#.#


You could see an ogre (drained).

Vanquished Creatures
  Grinder (D:3)
  A scorpion (D:4)
  A hound (D:4)
  Natasha (thrice) (D:3)
  Robin (D:4)
  6 adders
  2 dart slugs
  An orc (D:3)
  3 ball pythons
  4 endoplasms
  5 giant cockroaches
  13 goblins
  5 hobgoblins
  2 jackals (D:2)
  6 kobolds
  4 quokkas
  7 bats
  A hobgoblin zombie (D:4)
  4 rats
70 creatures vanquished.

Vanquished Creatures (collateral kills)
  A hobgoblin (D:4)
  2 goblins (D:4)
  A foxfire (D:2)
4 creatures vanquished.

Vanquished Creatures (others)
  66 foxfires
  28 plants (D:2)
94 creatures vanquished.

Grand Total: 168 creatures vanquished

Notes
Turn   | Place    | Note
-------+----------+-------------------------------------------
     0 | D:1      | porpoise the Djinni Fire Elementalist began the quest for
                  | the Orb.
     0 | D:1      | porpoise set off with the following spells memorised:
                  | Foxfire, Scorch, Kindle Blastsparks, Inner Flame, Flame
                  | Wave.
     0 | D:1      | Reached XP level 1. HP: 15/15 MP: 0/0
   133 | D:1      | Reached XP level 2. HP: 20/22 MP: 0/0
   146 | D:1      | Reached skill level 1 in Fighting
   730 | D:1      | Reached XP level 3. HP: 27/27 MP: 0/0
   730 | D:1      | Learned a level 1 spell: Summon Small Mammal
  1065 | D:2      | Reached skill level 2 in Fighting
  1231 | D:2      | Reached XP level 4. HP: 31/33 MP: 0/0
  1966 | D:3      | Found Fan Wai's Weapon Emporium.
  2602 | D:3      | Noticed Natasha
  2607 | D:3      | Killed Natasha
  2608 | D:3      | Reached XP level 5. HP: 40/40 MP: 0/0
  2608 | D:3      | Learned a level 2 spell: Passwall
  2657 | D:3      | Reached skill level 3 in Fighting
  2996 | D:4      | Reached XP level 6. HP: 46/46 MP: 0/0
  3011 | D:3      | Noticed Natasha
  3016 | D:3      | Killed Natasha
  3079 | D:4      | Noticed Robin
  3081 | D:4      | Reached skill level 4 in Fighting
  3091 | D:4      | Noticed Grinder
  3093 | D:4      | Paralysed by Grinder for 2 turns
  3219 | D:3      | Killed Grinder
  3220 | D:3      | Reached XP level 7. HP: 23/53 MP: 0/0
  3220 | D:3      | Learned a level 3 spell: Confusing Touch
  3418 | D:3      | Noticed Natasha
  3423 | D:3      | Killed Natasha
  3538 | D:4      | Killed Robin
  3539 | D:4      | Reached skill level 5 in Fighting
  3546 | D:4      | HP: 2/54 [ogre/+0 giant club (23)]
  3549 | D:4      | Slain by an ogre

Illustrated notes

Levels and vault maps discovered:
D:1:      dpeg_arrival_rhombi, layout_basic
D:2:      layout_basic, serial_bayou, serial_bayou_crossing,
          serial_bayou_ford_a, serial_bayou_lake_a, serial_bayou_pond_d,
          serial_bayou_pond_c, minmay_misc_feat_five, minivault_14
D:3:      layout_loops_corners, serial_shops, shop, grunt_ministairs_4,
          uniq_natasha
D:4:      layout_rooms, nicolae_qazlal_eye_of_the_storm,
          minmay_temple_entry_offerings, nicolae_ossuary_entry_giza,
          uniq_grinder, uniq_robin

Skill      XL: |  1  2  3  4  5  6  7 |
---------------+----------------------+-----
Fighting       | 1 2 3 4 5 |  5.0
Spellcasting   | 3 4 |  4.6
Dodging        | |  2.1
Stealth        | |  1.5

Action                   |  1- 3 |  4- 6 |  7- 9 || total
-------------------------+-------+-------+-------++-------
Melee: Spear             |    11 |       |       ||    11
       Short sword       |    23 |    76 |     9 ||   108
       Punch             |       |     1 |       ||     1
 Fire: Sling             |    26 |       |       ||    26
 Cast: Foxfire           |    22 |    14 |     2 ||    38
       Scorch            |       |     6 |     3 ||     9
       Kindle Blastspark |       |     3 |       ||     3
  Use: Scroll            |       |     5 |       ||     5
       Potion            |       |     1 |     1 ||     2
 Stab: Sleeping          |     1 |     2 |       ||     3
Armor: Robe              |    17 |    21 |       ||    38
Dodge: Dodged            |    48 |    49 |     4 ||   101

Table legend: (Time is in decaauts)
 A = Elapsed time spent in this place.
 B = Non-inter-level travel time spent in this place.
 C = Inter-level travel time spent in this place.
 D = Time resting spent in this place.
 E = Time spent auto-exploring this place.
 F = Levels seen in this place.
 G = Mean time per level.
                   A        B        C        D        E       F      G
               +--------+--------+--------+--------+--------+-----+--------+
         Total |   3556 |   3451 |    105 |    959 |   1918 |   4 |  889.0 |
       Dungeon |   3556 |   3451 |    105 |    959 |   1918 |   4 |  889.0 |
               +--------+--------+--------+--------+--------+-----+--------+

Top non-repeatable levels by time:
     D:3: 1539 daAuts
     D:2: 985 daAuts
     D:1: 940 daAuts
     D:4: 91 daAuts
